General information
			
			
        
        - name: BNet
 
        - type: Ladder team game (AT/RT)
 
        - host: Battle.net
 
        - saver: Blahsmack
 
        
map: GnollWood 
        - players: 6
 
        - length: 31:45
 
        - speed: Fast
 - version: 1.22 W3XP
 - replay type:  Public
 
» download(123 KB)
Players
        team 1 (winner) 
              
              
Blahsmack (
pink | 49 APM | 1541 actions | 31:45)
              
 7 Mountain King 
 3 Storm Bolt
 3 Bash
 1 Avatar
 3 Demon Hunter 
 1 Evasion
 1 Mana Burn
 1 Metamorphosis
 
                » actions 
                
                | Basic commands | 150 |  | 
| Build / train | 171 |  | 
| Enter build submenu | 34 |  | 
| Enter hero's abilities submenu | 11 |  | 
| Give item / drop item | 1 |  | 
| Remove unit from queue | 1 |  | 
| Right click | 634 |  | 
| Select / deselect | 450 |  | 
| Use ability | 89 |  | 
                1541 total
 » units 
                
                | Peasant | 18 |  | 
| Gryphon Rider | 50 |  | 
| Mountain Giant | 23 |  | 
| Huntress | 12 |  | 
| Flying Machine | 5 |  | 
                108 total
 » upgrades
                
                | Masonry | 3 |  | 
| Swords | 3 |  | 
| Armor | 3 |  | 
| Lumber Harvesting | 2 |  | 
| Magic Sentry | 1 |  | 
| Storm Hammers | 1 |  | 
| Resistant Skin | 1 |  | 
| Hardened Skin | 1 |  | 
| Marksmanship | 1 |  | 
| Improved Bows | 1 |  | 
| Sentinel | 1 |  | 
| Animal War Training | 1 |  | 
| Cloud | 1 |  | 
| Flak Cannons | 1 |  | 
                21 total
 » buildings
                
                | Altar of Kings | 1 |  | 
| Farm | 10 |  | 
| Scout Tower | 9 |  | 
| Lumber Mill | 1 |  | 
| Guard Tower | 14 |  | 
| Arcane Vault | 1 |  | 
| Blacksmith | 1 |  | 
| Barracks | 1 |  | 
| Keep | 1 |  | 
| Castle | 2 |  | 
| Arcane Sanctum | 1 |  | 
| Gryphon Aviary | 2 |  | 
| Town Hall | 3 |  | 
| Moon Well | 3 |  | 
| Workshop | 1 |  | 
                51 total
 » build order
                00:09 Altar of Kings
00:13 Farm
00:19 Farm
00:29 Scout Tower
00:37 Lumber Mill
00:43 Farm
00:59 Scout Tower
01:22 Farm
02:02 Guard Tower
02:02 Guard Tower
02:13 Guard Tower
02:31 Arcane Vault
02:35 Scout Tower
02:45 Farm
02:54 Scout Tower
03:03 Blacksmith
03:33 Guard Tower
03:34 Guard Tower
03:34 Guard Tower
03:43 Farm
03:46 Scout Tower
04:10 Barracks
04:24 Guard Tower
04:40 Keep
04:47 Farm
04:54 Scout Tower
05:33 Farm
05:35 Farm
05:37 Scout Tower
05:38 Scout Tower
05:39 Guard Tower
06:34 Guard Tower
06:39 Guard Tower
06:44 Scout Tower
07:01 Castle
07:01 Castle
07:05 Arcane Sanctum
07:42 Guard Tower
07:42 Guard Tower
07:43 Guard Tower
08:32 Gryphon Aviary
08:47 Gryphon Aviary
08:50 Farm
22:32 Town Hall
24:59 Town Hall
26:26 Town Hall
26:45 Moon Well
26:45 Moon Well
26:47 Moon Well
29:30 Workshop
» items
                
                | Scroll of Regeneration | 3 |  | 
| Potion of Healing | 1 |  | 
| Scroll of Town Portal | 3 |  | 
| Orb of Fire | 2 |  | 
                9 total
  
               
              
              
Indivation (
yellow | 62 APM | 906 actions | 14:32)
              
 3 Demon Hunter 
 2 Mana Burn
 1 Evasion
 
                » actions 
                
                | Assign group hotkey | 1 |  | 
| Basic commands | 31 |  | 
| Build / train | 49 |  | 
| Enter build submenu | 16 |  | 
| Enter hero's abilities submenu | 3 |  | 
| Give item / drop item | 1 |  | 
| Remove unit from queue | 1 |  | 
| Right click | 507 |  | 
| Select / deselect | 271 |  | 
| Use ability | 26 |  | 
                906 total
 » units 
                
                | Wisp | 19 |  | 
| Archer | 1 |  | 
| Huntress | 4 |  | 
| Dryad | 6 |  | 
| Forest Troll Shadow Priest | 1 |  | 
                31 total
 » upgrades
                
                | Strength of the Moon | 2 |  | 
| Moon Armor | 2 |  | 
| Abolish Magic | 1 |  | 
| Strength of the Wild | 1 |  | 
| Reinforced Hides | 1 |  | 
| Upgrade Moon Glaive | 1 |  | 
                8 total
 » buildings
                
                | Altar of Elders | 1 |  | 
| Moon Well | 6 |  | 
| Ancient of War | 1 |  | 
| Hunter's Hall | 1 |  | 
| Tree of Ages | 1 |  | 
| Ancient Protector | 1 |  | 
| Ancient of Wonders | 1 |  | 
| Ancient of Lore | 2 |  | 
| Tree of Eternity | 1 |  | 
| Tree of Life | 1 |  | 
                16 total
 » build order
                00:08 Altar of Elders
00:21 Moon Well
00:40 Ancient of War
01:28 Moon Well
02:22 Hunter's Hall
03:27 Moon Well
04:11 Tree of Ages
04:22 Moon Well
04:58 Ancient Protector
05:06 Ancient of Wonders
05:59 Moon Well
06:40 Ancient of Lore
06:44 Ancient of Lore
07:09 Tree of Eternity
09:55 Moon Well
10:53 Tree of Life
» items
                
                | Boots of Speed | 1 |  | 
| Scroll of Town Portal | 1 |  | 
| Periapt of Vitality | 1 |  | 
                3 total
  
               
              
              
smokeblunts420 (
orange | 23 APM | 336 actions | 14:28)
              
 2 Mountain King 
 1 Storm Bolt
 1 Thunder Clap
 1 Paladin 
 1 Holy Light
 
                » actions 
                
                | Basic commands | 2 |  | 
| Build / train | 34 |  | 
| Enter build submenu | 18 |  | 
| Enter hero's abilities submenu | 3 |  | 
| Give item / drop item | 1 |  | 
| Right click | 153 |  | 
| Select / deselect | 100 |  | 
| Use ability | 25 |  | 
                336 total
 » units 
                
                | Peasant | 7 |  | 
| Footman | 7 |  | 
| Knight | 4 |  | 
| Spell Breaker | 3 |  | 
                21 total
 » upgrades
                » buildings
                
                | Altar of Kings | 1 |  | 
| Farm | 9 |  | 
| Barracks | 2 |  | 
| Arcane Vault | 1 |  | 
| Lumber Mill | 1 |  | 
| Scout Tower | 1 |  | 
| Guard Tower | 1 |  | 
| Keep | 1 |  | 
| Castle | 1 |  | 
| Blacksmith | 1 |  | 
| Arcane Sanctum | 1 |  | 
| Workshop | 1 |  | 
                21 total
 » build order
                00:23 Altar of Kings
00:25 Farm
01:16 Barracks
01:46 Arcane Vault
02:20 Farm
02:34 Lumber Mill
02:59 Scout Tower
03:36 Guard Tower
03:43 Farm
04:18 Keep
04:21 Farm
04:25 Barracks
05:53 Farm
07:37 Farm
07:58 Castle
08:03 Blacksmith
08:11 Arcane Sanctum
08:32 Farm
10:15 Farm
12:21 Farm
12:41 Workshop
» items
                
                | Scroll of Regeneration | 1 |  | 
| Ivory Tower | 3 |  | 
                4 total
  
               team 2 (loser) 
              
              
» 
cachon (
teal | 29 APM | 676 actions | 23:25)
              
 6 Demon Hunter 
 1 Immolation
 3 Evasion
 1 Mana Burn
 1 Metamorphosis
 
                » actions 
                
                | Basic commands | 1 |  | 
| Build / train | 54 |  | 
| Enter build submenu | 20 |  | 
| Enter hero's abilities submenu | 6 |  | 
| Give item / drop item | 3 |  | 
| Remove unit from queue | 2 |  | 
| Right click | 303 |  | 
| Select / deselect | 226 |  | 
| Use ability | 61 |  | 
                676 total
 » units 
                
                | Wisp | 14 |  | 
| Druid of the Claw | 8 |  | 
| Forest Troll Shadow Priest | 1 |  | 
| Hippogryph | 5 |  | 
| Chimaera | 5 |  | 
                33 total
 » upgrades
                
                | Strength of the Wild | 3 |  | 
| Druid of the Claw Training | 2 |  | 
| Reinforced Hides | 3 |  | 
| Mark of the Claw | 1 |  | 
| Corrosive Breath | 1 |  | 
                10 total
 » buildings
                
                | Altar of Elders | 1 |  | 
| Moon Well | 7 |  | 
| Hunter's Hall | 1 |  | 
| Tree of Ages | 1 |  | 
| Ancient Protector | 1 |  | 
| Tree of Eternity | 1 |  | 
| Ancient of Lore | 2 |  | 
| Ancient of Wind | 2 |  | 
| Chimaera Roost | 3 |  | 
                19 total
 » build order
                00:11 Altar of Elders
00:22 Moon Well
01:28 Hunter's Hall
01:59 Moon Well
02:36 Tree of Ages
02:46 Ancient Protector
03:34 Moon Well
05:00 Tree of Eternity
05:06 Ancient of Lore
05:28 Ancient of Lore
07:20 Moon Well
09:14 Moon Well
11:42 Ancient of Wind
12:07 Ancient of Wind
12:13 Moon Well
13:28 Moon Well
17:45 Chimaera Roost
17:50 Chimaera Roost
17:58 Chimaera Roost
 
               
              
              
Deadly4evr (
red | 46 APM | 1464 actions | 31:31)
              
 4 Keeper of the Grove 
 2 Entangling Roots
 2 Force of Nature
 5 Priestess of the Moon 
 2 Trueshot Aura
 3 Searing Arrows
 2 Demon Hunter 
 2 Immolation
 1 Blademaster 
 1 Wind Walk
 
                » actions 
                
                | Basic commands | 66 |  | 
| Build / train | 86 |  | 
| Enter build submenu | 24 |  | 
| Enter hero's abilities submenu | 13 |  | 
| Remove unit from queue | 6 |  | 
| Right click | 700 |  | 
| Select / deselect | 528 |  | 
| Use ability | 41 |  | 
                1464 total
 » units 
                
                | Wisp | 19 |  | 
| Archer | 8 |  | 
| Dryad | 15 |  | 
| Chimaera | 14 |  | 
                56 total
 » upgrades
                
                | Abolish Magic | 1 |  | 
| Strength of the Wild | 3 |  | 
| Reinforced Hides | 2 |  | 
| Corrosive Breath | 1 |  | 
                7 total
 » buildings
                
                | Altar of Elders | 1 |  | 
| Moon Well | 8 |  | 
| Ancient of War | 1 |  | 
| Hunter's Hall | 1 |  | 
| Tree of Ages | 2 |  | 
| Ancient of Lore | 2 |  | 
| Ancient Protector | 2 |  | 
| Tree of Eternity | 1 |  | 
| Ancient of Wind | 1 |  | 
| Chimaera Roost | 2 |  | 
| Tree of Life | 2 |  | 
| Tauren Totem | 2 |  | 
                25 total
 » build order
                00:06 Altar of Elders
00:11 Moon Well
00:45 Ancient of War
02:19 Hunter's Hall
02:29 Moon Well
03:33 Tree of Ages
03:33 Tree of Ages
06:38 Ancient of Lore
07:28 Ancient of Lore
07:33 Ancient Protector
09:04 Moon Well
09:13 Moon Well
10:12 Moon Well
10:37 Moon Well
11:02 Moon Well
11:39 Ancient Protector
12:47 Moon Well
12:51 Tree of Eternity
17:36 Ancient of Wind
19:42 Chimaera Roost
20:52 Chimaera Roost
25:32 Tree of Life
26:36 Tauren Totem
26:42 Tauren Totem
30:21 Tree of Life
 
               
              
              
malachi (
green | 12 APM | 268 actions | 22:19)
              
 2 Blademaster 
 1 Mirror Image
 1 Wind Walk
 1 Far Seer 
 1 Far Sight
 
                » actions 
                
                | Basic commands | 41 |  | 
| Build / train | 81 |  | 
| Enter build submenu | 12 |  | 
| Enter hero's abilities submenu | 9 |  | 
| Select / deselect | 90 |  | 
| Use ability | 35 |  | 
                268 total
 » units 
                
                | Peon | 12 |  | 
| Grunt | 5 |  | 
| Troll Headhunter/Berserker | 23 |  | 
| Shaman | 10 |  | 
| Spirit Walker | 3 |  | 
| Kodo Beast | 7 |  | 
                60 total
 » upgrades
                
                | Troll Regeneration | 1 |  | 
| Spirit Walker Training | 2 |  | 
| Berserker Strength | 1 |  | 
| Berserker Upgrade | 1 |  | 
| Liquid Fire | 1 |  | 
                6 total
 » buildings
                
                | Orc Burrow | 5 |  | 
| Altar of Storms | 1 |  | 
| Barracks | 1 |  | 
| War Mill | 1 |  | 
| Voodoo Lounge | 1 |  | 
| Stronghold | 1 |  | 
| Spirit Lodge | 1 |  | 
| Fortress | 1 |  | 
| Beastiary | 1 |  | 
                13 total
 » build order
                00:07 Orc Burrow
00:16 Altar of Storms
01:12 Barracks
02:00 War Mill
02:21 Orc Burrow
03:40 Voodoo Lounge
05:24 Orc Burrow
05:27 Stronghold
07:04 Orc Burrow
08:21 Spirit Lodge
08:35 Orc Burrow
09:10 Fortress
11:14 Beastiary
» items
                
                | Potion of Healing | 4 |  | 
| Potion of Mana | 3 |  | 
                7 total
  
                Chat log
          (00:17 / Allies) Indivation: crap already messed up
(00:57 / All) Indivation: gl and hf
(01:16 / Allies) Indivation: units?
(01:22 / Allies) smokeblunts420: melle
(06:47 / Allies) smokeblunts420: wtf!!! noob!!!
(07:36 / Allies) Indivation: what hahppened?
(11:04 / Allies) Indivation: pink wow..
(11:25 / Allies) smokeblunts420: i know wtf!!!
(11:27 / Allies) smokeblunts420: u noob
(11:33 / Allies) Blahsmack: just going for tier 3\
(11:39 / Allies) Blahsmack: instea dof nobo tier 1 units
(11:40 / Allies) Blahsmack: laklallalala
(11:46 / Allies) Blahsmack: you white boys
(11:48 / Allies) Blahsmack: i can tell
(11:53 / Allies) smokeblunts420: and u needed 10 fucking towers
(11:57 / Allies) Blahsmack: noob white boys
(12:03 / Allies) smokeblunts420: i have inights u noob
(12:12 / Allies) Blahsmack: go wish you were black more noob aint gunna happen
(13:18 / Allies) Indivation: we lose
(13:20 / Allies) Indivation: cus pinks a noob
(13:25 / Allies) Blahsmack: you battle 3 armies
(13:26 / Allies) Blahsmack: at once
(13:29 / Allies) Blahsmack: you dumb whiteboy
(13:32 / Allies) Blahsmack: what you th9ibnk happen
(13:35 / Allies) Indivation: yeah and you bring up faking 20 towers
(13:38 / Allies) Indivation: and no units
(13:40 / Allies) Blahsmack: no wionder america have to poull out iraq
(13:47 / Allies) Blahsmack: they got abunch of dumb white boys
(13:49 / Allies) Blahsmack: getting killed
(14:00 / Allies) Indivation: look i'm trapped
(14:39 / All) Blahsmack: figures
(14:44 / All) malachi: we won
(14:49 / All) Blahsmack: p[ot head white boys get killed in video game
(14:55 / All) Blahsmack: and in iraq
(15:08 / All) Blahsmack: america didnt get victory all they dumb white boys who voted for bush died
(15:13 / All) Blahsmack: LOL
(21:03 / All) malachi: sorry gota go
(21:15 / All) malachi: bye
(23:25 / All) Blahsmack: i hope all white people die
(23:27 / All) Blahsmack: obama gunna save america from white